AoeStats
← straker

Arabia

507881114Analyzed
1v1 RM · 11d ago on Sep 20, 2026· 43m 45s· 2 players
Game mode
Random Map
Map size
Tiny (2 player)
Population
200
Speed
Normal
Resources
Standard
Victory
Conquest
Starting age
Dark Age
Ending age
Imperial Age
RankedLock teamsTeams togetherTeam positionsShared explorationLock speedFull tech treeHidden civsTurbo modeCheats
Victory
Defeat
🇨🇳 Magyars · China
1068
+14
🇺🇸 Teutons · United States
1035
-14
straker
5:02 Loom
10:37 Feudal Age
11:39 Double-Bit Axe
11:36 Horse Collar
12:27 Man-at-Arms
18:35 Arson
20:12 Wheelbarrow
21:24 Gold Mining
22:58 Town Watch
25:22 Castle Age
23:44 Stone Mining
25:37 Scale Mail Armor
25:52 Forging
25:52 Pikeman
26:51 Bow Saw
26:44 Heavy Plow
29:12 Squires
28:58 Gambesons
29:50 Iron Casting
29:51 Fletching
30:47 Stone Shaft Mining
31:54 Bodkin Arrow
42:29 Hand Cart
loki
5:53 Loom
9:08 Feudal Age
10:06 Double-Bit Axe
10:20 Horse Collar
18:01 Fletching
18:32 Padded Archer Armor
20:05 Gold Mining
23:34 Castle Age
23:22 Padded Archer Armor
23:35 Bloodlines
24:18 Bodkin Arrow
25:15 Bow Saw
26:41 Stone Mining
27:13 Town Watch
28:04 Wheelbarrow
28:51 Ballistics
29:21 Leather Archer Armor
40:38 Imperial Age
39:54 Corvinian Army
40:14 Masonry
41:21 Bracer
42:26 Chemistry
41:58 Thumb Ring
42:19 Parthian Tactics
43:30 Two-Man Saw
43:16 Hand Cart
Connection lost

Rejoining the realm…

Still unreachable

The connection could not be restored.

Session expired

The server has moved on; the page needs a fresh start.